 Dungeon Sprint DCSS version 0.21-a0-314-gb3271ec (webtiles) character file.

109 minicreteconcrete the Firebug (level 4, -5/37 HPs)
             Began as a Gnoll Fire Elementalist on Sept 29, 2017.
             Was a Believer of Sif Muna.
             Slain by an orc warrior
             ... wielding a +0 long sword
              (25 damage)
             ... in the Dungeon (Sprint VII: "The Pits").
             The game lasted 00:03:28 (241 turns).

minicreteconcrete the Firebug (GnFE)                 Turns: 241, Time: 00:03:29

Health: -5/37      AC:  2    Str: 10    XL:     4   Next: 90%
Magic:  11/11      EV: 15    Int: 19    God:    Sif Muna [**....]
Gold:   0          SH:  0    Dex: 15    Spells: 10/14 levels left

rFire    . . .     SeeInvis .   u - +2 long sword (flame)
rCold    . . .     Gourm    .   (no shield)
rNeg     . . .     Faith    .   k - +0 robe
rPois    .         Spirit   .   (no helmet)
rElec    .         Reflect  .   (no cloak)
rCorr    .         Harm     .   (no gloves)
MR       .....     NoTele   +   (no boots)
Stlth    +++.......             (no amulet)
HPRegen  0.12/turn              (no ring)
MPRegen  0.12/turn              (no ring)

@: no status effects
A: distributed training, fangs 1, strong nose
a: Divine Energy, Renounce Religion


You were in the Dungeon.
You worshipped Sif Muna.
Sif Muna was pleased with you.
You were not hungry.

You visited 1 branch

Inventory:

Hand Weapons
 a - a +1 trident of piercing
 u - a +2 long sword of flaming (weapon)
 v - a +2 trident
Missiles
 m - 13 stones (quivered)
Armour
 k - a +0 robe (worn)
 w - a +3 chain mail
Magical Staves
 b - an uncursed staff of energy
Scrolls
 i - a scroll of blinking
 o - 3 scrolls of remove curse
 p - 5 scrolls of amnesia
 q - a scroll of summoning
 t - 2 scrolls of vulnerability
Potions
 d - 6 potions of curing
 e - 4 potions of heal wounds
 f - a potion of haste
 g - 4 potions of magic
 h - 3 potions of berserk rage
 l - 2 potions of invisibility
Books
 n - a book of Flames

   Spells                             Type                      Level
   a - Flame Tongue                   Conjuration/Fire             1
   b - Throw Flame                    Conjuration/Fire             2
   c - Conjure Flame                  Conjuration/Fire             3
   d - Inner Flame                    Hexes/Fire                   3
   e - Sticky Flame                   Conjuration/Fire             4
   f - Fireball                       Conjuration/Fire             5
Comestibles
 c - 8 bread rations
 j - 4 chunks of flesh
 r - 40 fruits
 s - 7 meat rations


   Skills:
 + Level 3.9 Fighting
 + Level 3.1 Short Blades
 + Level 3.3 Long Blades
 + Level 2.3 Axes
 + Level 2.6 Maces & Flails
 + Level 1.7 Polearms
 + Level 3.3 Staves
 + Level 2.3 Slings
 + Level 3.3 Bows
 + Level 2.3 Crossbows
 + Level 4.0 Throwing
 + Level 2.6 Armour
 + Level 5.5 Dodging
 + Level 5.1 Stealth
   Level 0.0 Stabbing
 + Level 3.1 Shields
   Level 0.0 Traps
 + Level 2.8 Unarmed Combat
 + Level 5.9 Spellcasting
 + Level 3.1 Conjurations
 + Level 2.8 Hexes
 + Level 3.5 Charms
 + Level 2.8 Summonings
 + Level 3.3 Necromancy
 + Level 3.1 Translocations
 + Level 3.1 Transmutations
 + Level 7.0 Fire Magic
 + Level 2.3 Ice Magic
 + Level 2.0 Air Magic
 + Level 3.1 Earth Magic
 + Level 3.1 Poison Magic
 + Level 1.7 Invocations
 + Level 2.6 Evocations


You had 10 spell levels left.
You knew the following spells:

 Your Spells              Type           Power        Failure   Level  Hunger
a - Flame Tongue          Conj/Fire      ###..        1%          1    None
b - Conjure Flame         Conj/Fire      ###.....     4%          3    ##.....


Dungeon Overview and Level Annotations

Branches:
Dungeon (1/1)

Altars:
Ashenzari
Cheibriados
Dithmenos
Elyvilon
Fedhas
Gozag
Hepliaklqana
Kikubaaqudgha
Makhleb
Nemelex Xobeh
Okawaru
Qazlal
Ru
Sif Muna
Trog
Uskayaw
Vehumet
Wu Jian
Xom
Yredelemnul
Zin
The Shining One
Beogh
Jiyva
Lugonu


Innate Abilities, Weirdness & Mutations

Your experience applies equally to all skills.
You have very sharp teeth.
Your uncanny sense of smell can sniff out nearby items.


Message History

The orc warrior is heavily wounded.
The orc warrior misses you.
You hit the orc warrior. You burn the orc warrior.
The orc warrior is severely wounded.
The orc warrior completely misses you.
You barely miss the orc warrior.
The orc warrior is severely wounded.
The orc warrior closely misses you.
You barely miss the orc warrior.
The orc warrior is severely wounded.
The orc warrior misses you.
You riposte.
You barely miss the orc warrior.
The orc warrior is severely wounded.
You barely miss the orc warrior.
The orc warrior is severely wounded.
The orc warrior barely misses you.
You hit the orc warrior but do no damage.
The orc warrior is severely wounded.
The orc warrior hits you with a long sword!!
Ouch! That really hurt!
You die...

###########
_________.#
_________.#
_______...#########
##########'##.......
#....')))'.##......#
##########.##.......
#.o@.......†'.......
#'#####'#####......#
#.#.....#[.##.......
#o#.....#.)#####'###
#.###)###.)##.......
#.#.....#))##.......
#o#.....#..##.......
#.####)##'###...<...
#.#.....).)##.......


You could see an orc warrior.

Vanquished Creatures
  2 orc wizards (D)
  3 gnolls (D)
  A river rat (D)
  2 oozes (D)
  A giant cockroach (D)
  A goblin (D)
  A kobold (D)
  A frilled lizard (D)
  A giant cockroach zombie (D)
13 creatures vanquished.

Notes
Turn   | Place    | Note
-------+----------+-------------------------------------------
     0 | D        | minicreteconcrete the Gnoll Fire Elementalist began the quest for the Orb.
     0 | D        | Reached XP level 1. HP: 13/13 MP: 6/6
    10 | D        | Reached skill level 1 in Fighting
    10 | D        | Reached skill level 1 in Throwing
    47 | D        | Found a bloodstained altar of Trog.
    47 | D        | Found a deep blue altar of Sif Muna.
    47 | D        | Found a viscous altar of Jiyva.
    47 | D        | Found a hazy altar of Hepliaklqana.
    47 | D        | Found an opulent altar of Gozag.
    48 | D        | Found a glowing golden altar of the Shining One.
    48 | D        | Found a glowing silver altar of Zin.
    48 | D        | Found a basalt altar of Yredelemnul.
    48 | D        | Found a shimmering altar of Xom.
    48 | D        | Found an ornate altar of the Wu Jian Council.
    48 | D        | Found a sacrificial altar of Ru.
    48 | D        | Found a stormy altar of Qazlal.
    48 | D        | Found an iron altar of Okawaru.
    48 | D        | Found a sparkling altar of Nemelex Xobeh.
    48 | D        | Found a burning altar of Makhleb.
    48 | D        | Found a blossoming altar of Fedhas.
    48 | D        | Found a white marble altar of Elyvilon.
    48 | D        | Found a shadowy altar of Dithmenos.
    48 | D        | Found a snail-covered altar of Cheibriados.
    49 | D        | Found a radiant altar of Vehumet.
    49 | D        | Found a corrupted altar of Lugonu.
    49 | D        | Found a roughly hewn altar of Beogh.
    50 | D        | Found an ancient bone altar of Kikubaaqudgha.
    50 | D        | Found a hide-covered altar of Uskayaw.
    50 | D        | Found a shattered altar of Ashenzari.
    51 | D        | Became a worshipper of Sif Muna the Loreminder
    63 | D        | Reached skill level 5 in Spellcasting
    67 | D        | Reached skill level 1 in Short Blades
    67 | D        | Reached skill level 1 in Long Blades
    67 | D        | Reached skill level 1 in Axes
    67 | D        | Reached skill level 1 in Staves
    67 | D        | Reached skill level 1 in Bows
    67 | D        | Reached skill level 1 in Crossbows
    67 | D        | Reached skill level 1 in Armour
    67 | D        | Reached skill level 1 in Necromancy
    67 | D        | Reached skill level 1 in Transmutations
    67 | D        | Reached skill level 1 in Ice Magic
    67 | D        | Reached XP level 2. HP: 14/22 MP: 1/8
    86 | D        | Reached skill level 1 in Maces & Flails
    86 | D        | Reached skill level 1 in Slings
    86 | D        | Reached skill level 1 in Hexes
    86 | D        | Reached skill level 1 in Summonings
    86 | D        | Reached skill level 1 in Evocations
    87 | D        | Reached skill level 1 in Shields
   101 | D        | Reached skill level 1 in Poison Magic
   106 | D        | Reached * piety under Sif Muna
   106 | D        | Reached XP level 3. HP: 11/29 MP: 3/9
   111 | D        | Learned a level 3 spell: Conjure Flame
   127 | D        | Reached skill level 1 in Polearms
   127 | D        | Reached skill level 1 in Unarmed Combat
   188 | D        | Reached skill level 5 in Stealth
   200 | D        | Reached skill level 1 in Air Magic
   205 | D        | Noticed an orc warrior
   210 | D        | Noticed a scorpion
   229 | D        | Reached ** piety under Sif Muna
   229 | D        | Reached skill level 5 in Dodging
   229 | D        | Reached skill level 1 in Invocations
   229 | D        | Reached XP level 4. HP: 36/37 MP: 11/11
   230 | D        | Reached skill level 7 in Fire Magic
   241 | D        | Slain by an orc warrior

Vault maps used:
D:        pitsprint

Skill      XL: |  1  2  3  4 |
---------------+-------------+-----
Fighting       | 2 3 |  3.9
Throwing       | 1 2 3 4 |  4.0
Spellcasting   | 5 |  5.9
Short Blades   | 1 2 3 |  3.1
Long Blades    | 1 2 3 |  3.3
Axes           | 1 2 |  2.3
Staves         | 1 2 3 |  3.3
Bows           | 1 2 3 |  3.3
Crossbows      | 1 2 |  2.3
Armour         | 1 2 |  2.6
Charms         | 2 3 |  3.5
Necromancy     | 1 2 3 |  3.3
Translocations | 2 3 |  3.1
Transmutations | 1 2 3 |  3.1
Ice Magic      | 1 2 |  2.3
Maces & Flails | 1 2 |  2.6
Slings         | 1 2 |  2.3
Hexes          | 1 2 |  2.8
Summonings     | 2 |  2.8
Earth Magic    | 2 3 |  3.1
Evocations     | 1 2 |  2.6
Shields        | 1 2 3 |  3.1
Poison Magic   | 1 2 3 |  3.1
Polearms       | 1 |  1.7
Unarmed Combat | 2 |  2.8
Stealth        | 5 |  5.1
Air Magic      | 1 2 |  2.0
Dodging        | 5 |  5.5
Conjurations   | 3 |  3.1
Invocations    | 1 |  1.7
Fire Magic     | 7 |  7.0

Action                   |  1- 3 |  4- 6 || total
-------------------------+-------+-------++-------
Melee: Long sword        |     3 |    12 ||    15
Throw: Stone             |     3 |       ||     3
 Cast: Flame Tongue      |    30 |       ||    30
Evoke: Staff of energy   |    13 |       ||    13
  Use: Potion            |     2 |       ||     2
Dodge: Dodged            |     5 |     9 ||    14
       Rpst.: Long sword |     1 |     2 ||     3

Table legend:
 A = Spawn XP
 B = Non-spawn XP
 C = Spawn XP percentage of total XP
 D = Spawn monster count
 E = Non-spawn monster count
 F = Spawn count percentage of total count
 G = Total turns spent on level
                    A         B        C        D         E        F      G
               +---------+---------+-------+---------+---------+-------+---------
         Total |       0 |     157 |   0.0 |       0 |      13 |   0.0 |   241
               +---------+---------+-------+---------+---------+-------+---------
             D |       0 |     157 |   0.0 |       0 |      13 |   0.0 |   241
               +---------+---------+-------+---------+---------+-------+---------
